NCAA
IOWA HAWKEYES @ KENTUCKY WILDCATS
04/21/2024
 
TOP OF THE 1ST
Iowa Hawkeyes batting - Pitching for Kentucky Wildcats : LHP Sloan Sanders
Pitching: LHP Sloan Sanders
Batting: RHB Manuel Gómez 0-0: Ball
1-0: Called Strike
1-1: Ball
2-1: Called Strike
2-2: Ground out 6-3 (Groundball, 6)
Batting: RHB Gary Simmons 0-0: Foul Ball, location: 2F
0-1: Swinging Strike
0-2: Strikes out swinging
Batting: LHB Rob Davidson 0-0: Ball
1-0: Foul Ball, location: 2F
1-1: Fly out, F7 (Flyball, 78M)
Top of the 1st over - 0 run(s), 0 hit(s), 0 error(s), 0 left on base; Iowa 0 - Kentucky 0
BOTTOM OF THE 1ST
Kentucky Wildcats batting - Pitching for Iowa Hawkeyes : RHP Tom Rose
Pitching: RHP Tom Rose
Batting: RHB Ricky White 0-0: Called Strike
0-1: Ball
1-1: Foul Ball, location: 2F
1-2: Foul Ball, location: 2F
1-2: Ball
2-2: Ground out U3 (Groundball, 3S)
Batting: SHB Matt Wells 0-0: Ball
1-0: Called Strike
1-1: Ball
2-1: Ball
3-1: Base on Balls
Batting: RHB Phil McJannett 0-0: Called Strike
0-1: Ground out 1-3 (Groundball, 34S)
Matt Wells to second
Batting: RHB Jerry Gentry 0-0: Ball
1-0: Called Strike
1-1: Ball
2-1: Foul Ball, location: 2F
2-2: Ball
3-2: Strikes out swinging
Bottom of the 1st over - 0 run(s), 0 hit(s), 0 error(s), 1 left on base; Iowa 0 - Kentucky 0
TOP OF THE 2ND
Iowa Hawkeyes batting - Pitching for Kentucky Wildcats : LHP Sloan Sanders
Batting: RHB Rusty Anderson 0-0: Ball
1-0: Called Strike
1-1: Called Strike
1-2: Strikes out swinging
Batting: RHB José Gonzáles 0-0: Called Strike
0-1: Ball
1-1: Called Strike
1-2: Strikes out looking
Batting: RHB Kelsey Scott 0-0: Called Strike
0-1: Called Strike
0-2: Strikes out swinging
Top of the 2nd over - 0 run(s), 0 hit(s), 0 error(s), 0 left on base; Iowa 0 - Kentucky 0
BOTTOM OF THE 2ND
Kentucky Wildcats batting - Pitching for Iowa Hawkeyes : RHP Tom Rose
Batting: LHB Carlos Romero 0-0: Ball
1-0: Called Strike
1-1: Ball
2-1: SOLO HOME RUN (Flyball, 89XD), Distance : 369 ft
Batting: RHB Chris Rice 0-0: Ball
1-0: SINGLE (Groundball, 6D)
Batting: RHB Francisco Solgato 0-0: Ball
1-0: Foul Ball, location: 2F
1-1: Swinging Strike
1-2: Ball
2-2: SINGLE (Groundball, 34D) (infield hit)
Chris Rice to second
Batting: RHB Jack Sweet 0-0: Foul Ball, location: 2F
0-1: SINGLE (Line Drive, 56D)
Chris Rice to third
Francisco Solgato to second
Batting: RHB Eddie Higgins 0-0: Foul Ball, location: 2F
0-1: Fly out, F7 (Flyball, 7M)
Runner from 3rd tags up, SCORES, throw made
Batting: RHB Ricky White 0-0: Called Strike
0-1: Foul Ball, location: 2F
0-2: Foul Ball, location: 2F
0-2: Foul Ball, location: 2F
0-2: Ball
1-2: Ball
2-2: SINGLE (Groundball, 4M)
Francisco Solgato to third
Jack Sweet to second
Runner from 3rd tries for Home, throw and OUT!
Jack Sweet to third
Ricky White to second
Batting: SHB Matt Wells 0-0: Fly out, F4 (Popup, 4M)
Bottom of the 2nd over - 2 run(s), 5 hit(s), 0 error(s), 2 left on base; Iowa 0 - Kentucky 2
TOP OF THE 3RD
Iowa Hawkeyes batting - Pitching for Kentucky Wildcats : LHP Sloan Sanders
Batting: RHB Chester Moore 0-0: Ball
1-0: Foul Ball, location: 2F
1-1: SINGLE (Flyball, 89S)
Batting: LHB Gilbert Stegall 0-0: Called Strike
0-1: Grounds into double play, U4-3 (Groundball, 4)
Batting: RHB Joe Brinkman 0-0: Called Strike
0-1: Ball
1-1: Fly out, F9 (Line Drive, 89M)
Top of the 3rd over - 0 run(s), 1 hit(s), 0 error(s), 0 left on base; Iowa 0 - Kentucky 2
BOTTOM OF THE 3RD
Kentucky Wildcats batting - Pitching for Iowa Hawkeyes : RHP Tom Rose
Batting: RHB Phil McJannett 0-0: SINGLE (Groundball, 6M)
Batting: RHB Jerry Gentry 0-0: Fielders Choice at 2nd, 5-4 (Groundball, 56)
Batting: LHB Carlos Romero 0-0: Ball
1-0: Ball
Throwing error on steal attempt, E2
Jerry Gentry to third
2-0: Called Strike
2-1: Ball
3-1: Foul Ball, location: 2F
3-2: Foul Ball, location: 2F
3-2: Base on Balls
Batting: RHB Chris Rice 0-0: Grounds into double play, 6-4-3 (Groundball, 6)
Bottom of the 3rd over - 0 run(s), 1 hit(s), 1 error(s), 1 left on base; Iowa 0 - Kentucky 2
TOP OF THE 4TH
Iowa Hawkeyes batting - Pitching for Kentucky Wildcats : LHP Sloan Sanders
Batting: RHB Manuel Gómez 0-0: Ball
1-0: Ground out 5-3 (Groundball, 5S)
Batting: RHB Gary Simmons 0-0: Called Strike
0-1: Swinging Strike
0-2: Ball
1-2: Foul Ball, location: 2F
1-2: Strikes out swinging
Batting: LHB Rob Davidson 0-0: Called Strike
0-1: Foul Ball, location: 2F
0-2: Ball
1-2: Strikes out swinging
Top of the 4th over - 0 run(s), 0 hit(s), 0 error(s), 0 left on base; Iowa 0 - Kentucky 2
BOTTOM OF THE 4TH
Kentucky Wildcats batting - Pitching for Iowa Hawkeyes : RHP Tom Rose
Batting: RHB Francisco Solgato 0-0: Called Strike
0-1: Called Strike
0-2: Ball
1-2: Foul Ball, location: 2F
1-2: Strikes out looking
Batting: RHB Jack Sweet 0-0: Called Strike
0-1: Called Strike
0-2: Foul Ball, location: 2F
0-2: Ball
1-2: Ball
2-2: Ball
3-2: Foul Ball, location: 2F
3-2: Base on Balls
Batting: RHB Eddie Higgins 0-0: Fly out, F5 (Popup, 5F)
Batting: RHB Ricky White 0-0: Ball
Jack Sweet is caught stealing 2nd base
Bottom of the 4th over - 0 run(s), 0 hit(s), 0 error(s), 0 left on base; Iowa 0 - Kentucky 2
TOP OF THE 5TH
Iowa Hawkeyes batting - Pitching for Kentucky Wildcats : LHP Sloan Sanders
Batting: RHB Rusty Anderson 0-0: Swinging Strike
0-1: Called Strike
0-2: Foul Ball, location: 2F
0-2: Ball
1-2: Foul Ball, location: 2F
1-2: Foul Ball, location: 2F
1-2: Ball
2-2: Ball
3-2: Strikes out swinging
Batting: RHB José Gonzáles 0-0: Called Strike
0-1: Called Strike
0-2: Ball
1-2: Ball
2-2: Strikes out looking
Batting: RHB Kelsey Scott 0-0: Swinging Strike
0-1: Foul Ball, location: 2F
0-2: Foul Ball, location: 2F
0-2: Ball
1-2: Foul Ball, location: 2F
1-2: Strikes out swinging
Top of the 5th over - 0 run(s), 0 hit(s), 0 error(s), 0 left on base; Iowa 0 - Kentucky 2
BOTTOM OF THE 5TH
Kentucky Wildcats batting - Pitching for Iowa Hawkeyes : RHP Tom Rose
Batting: RHB Ricky White 0-0: Ball
1-0: Ball
2-0: Foul Ball, location: 2F
2-1: Ground out 6-3 (Groundball, 6)
Batting: SHB Matt Wells 0-0: Foul Ball, location: 2F
0-1: Swinging Strike
0-2: Foul Ball, location: 2F
0-2: Fly out, F7 (Flyball, 78M)
Batting: RHB Phil McJannett 0-0: Called Strike
0-1: Called Strike
0-2: Ball
1-2: Strikes out swinging
Bottom of the 5th over - 0 run(s), 0 hit(s), 0 error(s), 0 left on base; Iowa 0 - Kentucky 2
TOP OF THE 6TH
Iowa Hawkeyes batting - Pitching for Kentucky Wildcats : LHP Sloan Sanders
Batting: RHB Chester Moore 0-0: SOLO HOME RUN (Flyball, 7D), Distance : 354 ft
Batting: LHB Gilbert Stegall 0-0: Ball
1-0: Foul Ball, location: 2F
1-1: Foul Ball, location: 2F
1-2: Foul Ball, location: 2F
1-2: Strikes out looking
Batting: RHB Joe Brinkman 0-0: Called Strike
0-1: Fly out, F7 (Flyball, 7M)
Batting: RHB Manuel Gómez 0-0: Called Strike
0-1: Ball
1-1: Called Strike
1-2: Ball
2-2: Strikes out swinging
Top of the 6th over - 1 run(s), 1 hit(s), 0 error(s), 0 left on base; Iowa 1 - Kentucky 2
BOTTOM OF THE 6TH
Kentucky Wildcats batting - Pitching for Iowa Hawkeyes : RHP Tom Rose
Batting: RHB Jerry Gentry 0-0: Ball
1-0: Foul Ball, location: 2F
1-1: SINGLE (Line Drive, 8LS)
Pitching: RHP Tim Martin
Batting: LHB Carlos Romero 0-0: Ball
1-0: Called Strike
1-1: Reached on error, E4 (Groundball, 4)
Jerry Gentry to second
Batting: RHB Chris Rice 0-0: Ball
1-0: Ball
2-0: Ball
3-0: Base on Balls
Jerry Gentry to third
Carlos Romero to second
Batting: RHB Francisco Solgato 0-0: Ball
1-0: Ball
2-0: Ball
3-0: Called Strike
3-1: Foul Ball, location: 2F
3-2: Grounds into fielders choice 1-2 (Groundball, 25)
Carlos Romero to third
Chris Rice to second
Batting: RHB Jack Sweet 0-0: Fly out, F3 (Popup, 3S)
Batting: RHB Eddie Higgins 0-0: Called Strike
0-1: Fly out, F9 (Flyball, 89M)
Bottom of the 6th over - 0 run(s), 1 hit(s), 1 error(s), 3 left on base; Iowa 1 - Kentucky 2
TOP OF THE 7TH
Iowa Hawkeyes batting - Pitching for Kentucky Wildcats : LHP Sloan Sanders
Batting: RHB Gary Simmons 0-0: Ball
1-0: Called Strike
1-1: Called Strike
1-2: Strikes out looking
Batting: LHB Rob Davidson 0-0: Ball
1-0: Called Strike
1-1: Foul Ball, location: 2F
1-2: Foul Ball, location: 2F
1-2: Strikes out swinging
Batting: RHB Rusty Anderson 0-0: Swinging Strike
0-1: Ball
1-1: Ball
2-1: Fly out, F7 (Line Drive, 78M)
Top of the 7th over - 0 run(s), 0 hit(s), 0 error(s), 0 left on base; Iowa 1 - Kentucky 2
BOTTOM OF THE 7TH
Kentucky Wildcats batting - Pitching for Iowa Hawkeyes : RHP Tim Martin
Batting: RHB Ricky White 0-0: Ball
1-0: Called Strike
1-1: Ball
2-1: Foul Ball, location: 2F
2-2: Strikes out swinging
Batting: SHB Matt Wells 0-0: Called Strike
0-1: Ball
1-1: Foul Ball, location: 2F
1-2: Foul Ball, location: 2F
1-2: Ball
2-2: Strikes out swinging
Batting: RHB Phil McJannett 0-0: Called Strike
0-1: Called Strike
0-2: Fly out, F8 (Flyball, 8RM)
Bottom of the 7th over - 0 run(s), 0 hit(s), 0 error(s), 0 left on base; Iowa 1 - Kentucky 2
TOP OF THE 8TH
Iowa Hawkeyes batting - Pitching for Kentucky Wildcats : LHP Sloan Sanders
Pitching: LHP Bill Sutton
Batting: RHB José Gonzáles 0-0: Foul Ball, location: 2F
0-1: Ball
1-1: Swinging Strike
1-2: Fly out, F7 (Flyball, 78M)
Pitching: RHP Sean Martínez
Batting: RHB Kelsey Scott 0-0: Ball
1-0: SINGLE (Line Drive, 56D)
Batting: RHB Chester Moore 0-0: Called Strike
0-1: SINGLE (Line Drive, 6MD)
Kelsey Scott to second
Pitching: LHP Arturo Vásquez
Pinch Runner at 2nd Tim Dunn:
Batting: LHB Gilbert Stegall 0-0: Sac Bunt - play at first, batter OUT! 1-4
Tim Dunn to third
Chester Moore to second
Pitching: RHP Mike Marks
Batting: RHB Joe Brinkman 0-0: Called Strike
0-1: Ball
1-1: Ball
2-1: Foul Ball, location: 2F
2-2: Ball
3-2: Strikes out swinging
Top of the 8th over - 0 run(s), 2 hit(s), 0 error(s), 2 left on base; Iowa 1 - Kentucky 2
BOTTOM OF THE 8TH
Kentucky Wildcats batting - Pitching for Iowa Hawkeyes : RHP Tim Martin
Pitching: RHP Tom Wilson
Batting: RHB Jerry Gentry 0-0: Called Strike
0-1: Foul Ball, location: 2F
0-2: Ball
1-2: Ball
2-2: Strikes out swinging
Batting: LHB Carlos Romero 0-0: Ball
1-0: Swinging Strike
1-1: Foul Ball, location: 2F
1-2: Strikes out looking
Batting: RHB Chris Rice 0-0: Ball
1-0: Foul Ball, location: 2F
1-1: Ball
2-1: Fly out, F8 (Line Drive, 8LM)
Bottom of the 8th over - 0 run(s), 0 hit(s), 0 error(s), 0 left on base; Iowa 1 - Kentucky 2
TOP OF THE 9TH
Iowa Hawkeyes batting - Pitching for Kentucky Wildcats : RHP Mike Marks
Pitching: RHP Philip Spence
Batting: RHB Manuel Gómez 0-0: Called Strike
0-1: Ball
1-1: Ball
2-1: Foul Ball, location: 2F
2-2: Foul Ball, location: 2F
2-2: Ball
3-2: Strikes out looking
Batting: RHB Gary Simmons 0-0: Called Strike
0-1: Fly out, F7 (Flyball, 7M)
Batting: LHB Rob Davidson 0-0: Foul Ball, location: 2F
0-1: Ball
1-1: Foul Ball, location: 2F
1-2: Strikes out looking
Top of the 9th over - 0 run(s), 0 hit(s), 0 error(s), 0 left on base; Iowa 1 - Kentucky 2
This league is powered by Out of the Park Baseball, the baseball management simulation game for PC, Mac and Linux
Saturday, April 9th, 2016 - OOTP Baseball 16.8 Build 38